Match 43837820
Unlisted

Match 43837820
End
Selects Special Operations Battlegroup
Selects M29 Weasel Recon Vehicle
M29 Weasel Recon Vehicle
Construct Barracks
Riflemen Squad
Riflemen Squad
Grenade Package
Air Support Center
P-47 Strafing Run
M1 Mortar Team
Construct Motor Pool
Selects Mark Vehicle
Selects UNKNOWN (2162291)
Engineer Squad
Mark Vehicle
P-47 Dive Bomb
Construct Tank Depot
P-47 Strafing Run
Selects Raiding Flares
M4A1 Sherman Whizbang
P-47 Strafing Run
Raiding Flares
Selects SSF Commando Squad
M4A1 Sherman Whizbang
M1 Anti-tank Gun Team
Grasshopper Recon Run
P-47 Strafing Run
Raiding Flares
M4A1 Sherman Medium Tank
Grasshopper Recon Run
Selects Air Re-supply Operation
Mark Vehicle
P-47 Strafing Run
M4A1 Sherman Medium Tank
Grasshopper Recon Run
Raiding Flares
P-47 Strafing Run
Mark Vehicle
M4A1 Sherman Medium Tank
Achilles Gaming @ YouTube
DJ-DeepN
TidaL
l3geNDry
kristianjohnsen
Mammut
Punzler
sirCzaki
0
0

Comments sign in to comment!

No comments posted yet!